 Dungeon Sprint DCSS version 0.28-a0-313-gbc0475efdd (webtiles) character file.

Game seed: 10436701234262395132

1818 Ankalagon the Fighter (level 8, -11/85 HPs)
             Began as a Palentonga Cinder Acolyte on Aug 31, 2021.
             Was an Initiate of Ignis.
             Mangled by a lindwurm (13 damage)
             ... summoned by Kirke
             ... in the Dungeon (Sprint II: "The Violet Keep of Menkaure").
             The game lasted 00:06:14 (1474 turns).

Ankalagon the Fighter (Palentonga Cinder Acolyte)   Turns: 1474, Time: 00:06:15

Health: -11/85     AC:  0    Str: 20    XL:     8   Next: 85%
Magic:  9/9        EV: 13    Int: 13    God:    Ignis [......]
Gold:   176        SH:  0    Dex:  7    Spells: 8/9 levels left

rFire   + . .      SeeInvis +   (weapon currently unavailable)
rCold   . . .      Faith    .   (shield currently unavailable)
rNeg    . . .      Spirit   .   (armour currently unavailable)
rPois   .          Reflect  .   (helmet currently unavailable)
rElec   .          Harm     .   (cloak currently unavailable)
rCorr   .          Rampage  .   (gloves currently unavailable)
Will    .....      NoTele   +   (no barding)
Stlth   +.........              (no amulet)
HPRegen 0.24/turn               (ring currently unavailable)
MPRegen 0.11/turn               (ring currently unavailable)

@: pig-form, very quick
A: fast, no casting, small, rugged brown scales 3, see invisible, (deformed
body), (roll 1), (armoured tail), (reflexive curl)
a: Renounce Religion


You were in the Dungeon.
You worshipped Ignis.
Ignis was noncommittal.
You were a filthy swine.
You visited 1 branch You collected 567 gold pieces.
You spent 391 gold pieces at shops.

Inventory:

Hand Weapons
 a - a -1 falchion of flaming (melded)
Armour
 b - a +0 robe (melded)
 g - the +0 cloak "Yciar" (melded) {+Inv Will+ Str+2 Stlth+}
   (You bought it in a shop in the Dungeon)

   Str:       It affects your strength (+2).
   +Inv:      It lets you turn invisible.
   Will:      It increases your willpower.
   Stlth:     It makes you more stealthy.
 i - a +0 pair of gloves (melded)
Potions
 c - a potion of curing
 f - 2 potions of magic


   Skills:
 + Level 13.9 Fighting
 + Level 13.9 Long Blades
 - Level 1.0 Spellcasting
 - Level 0.7 Fire Magic


You had 8 spell levels left.
You knew the following spells:

 Your Spells              Type           Power      Damage    Failure   Level
a - Foxfire               Conj/Fire      4%         2x1d4     24%         1

Your spell library contained the following spells:

 Spells                   Type           Power      Damage    Failure   Level


Dungeon Overview and Level Annotations

Branches:
Dungeon (1/1)

Altars:
Cheibriados
Dithmenos
Elyvilon
Fedhas
Gozag
Hepliaklqana
Kikubaaqudgha
Makhleb
Nemelex Xobeh
Okawaru
Qazlal
Ru
Sif Muna
Trog
Uskayaw
Vehumet
Wu Jian
Xom
Yredelemnul
Zin
The Shining One
Beogh
Jiyva
Lugonu

Shops:
D :==:(!![?[[=!([

Annotations:
D exclusion: oklob plant, Kirke, Roxanne


Innate Abilities, Weirdness & Mutations

You are a filthy swine.
You move quickly.
Your equipment is almost entirely melded.
You are incapable of wielding weapons or throwing items.
You cannot cast spells.
(You are completely covered in rugged brown scales. (AC +3, +7% HP))
You have supernaturally acute eyesight. (SInv)
((Armour fits poorly on your strangely shaped body.))
((You can roll at nearby foes to attack.))
((You have a long armoured tail.))
((You curl defensively after being hit.))


Message History

The lindwurm closely misses you.
The foxfire hits Kirke.
Kirke is almost dead.
The foxfire hits Kirke.
Kirke is almost dead.
Kirke hits you.
* * * LOW HITPOINT WARNING * * *
Flames leap up around you!
You can no longer rocket upward and away.
The foxfire hits Kirke.
Kirke is almost dead.
Kirke hits you!
* * * LOW HITPOINT WARNING * * *
The lindwurm barely misses you. The lindwurm claws you.
* * * LOW HITPOINT WARNING * * *
The lindwurm claws you.
* * * LOW HITPOINT WARNING * * *
What are your orders? t - Squeal!
Orders for allies: a - Attack new target. r - Retreat! s - Stop attacking. g - Guard the area. f - Follow me.
Anything else - Cancel.
Gang up on whom?
Press: ? - help, Dir - move target, f - Kirke
Aim: Kirke (almost dead, ally target) Attack!
The foxfire hits Kirke.
Kirke is almost dead.
The foxfire hits Kirke.
Kirke is almost dead.
Kirke casts a spell.
Kirke summons a lindwurm!
The lindwurm breathes flames at you. The blast of flame misses you.
Flames leap up around you!
You can no longer fill your surroundings with clouds of flame.
You can no longer call a swarm of foxfires against your foes.
Kirke gestures at you while chanting.
You barely resist. The lindwurm bites you!
You die...

###########≈≈#+++#+++##
##########≈≈≈c.....c..#
#....∩.∩.#≈≈≈≈.##+##..# #.
#.....∩..#≈≈≈≈##.#.##.#### +.##.
#..∩.∩...#≈≈≈≈#.##..#....# ...#
#.⌠.∩....#≈≈#####..####..## #..#
#..∩.∩...#≈##. #v###.##..# +..#
#...∩.∩..#≈#..v##v##.#.#..# #..#
#....∩.∩.'≈+ #vvh@k+###'..####..#
#.....∩.∩#≈#..v##k##.#.#....###..
▓▓▓▓▓▓▓###≈##. #+###.##......≈≈≈
#?sl######≈≈### ###≈≈.....≈#)
#?.l#D ##≈≈≈# #≈≈≈≈§§≈..≈#_
#∩P(+. #'#≈## ##§§≈≈≈≈≈≈.≈#. #$.$
! #)#≈≈##+##≈§≈≈≈§≈≈≈≈§#_ #$!.
####≈≈≈≈≈≈≈§§≈≈§§≈≈≈§#. ##+
#+++#+++#≈§§§§§≈§≈#_


You could see Kirke (ally target) and 2 lindwurms.

Vanquished Creatures
  A merfolk siren (D)
  A yaktaur (D)
  3 polar bears (D)
  A hornet (D)
  2 wyverns (D)
  A water moccasin (D)
  A hell rat (D)
  3 worms (D)
13 creatures vanquished.

Vanquished Creatures (others)
  A kobold demonologist (D)
  Menkaure (D)
  A water moccasin (D)
  66 foxfires (D)
69 creatures vanquished.

Grand Total: 82 creatures vanquished

Notes
Turn   | Place    | Note
-------+----------+-------------------------------------------
     0 | D        | Ankalagon the Palentonga Cinder Acolyte began the quest for
                  | the Orb.
     0 | D        | Reached XP level 1. HP: 19/19 MP: 2/2
    13 | D        | Killed a water moccasin
    38 | D        | Killed Menkaure
   228 | D        | Noticed a flying skull
   228 | D        | Noticed a flying skull
   228 | D        | Noticed a flying skull
   228 | D        | Noticed a flying skull
   228 | D        | Noticed a flying skull
   228 | D        | Noticed a flying skull
   229 | D        | Noticed a flying skull
   229 | D        | Noticed a flying skull
   229 | D        | Noticed a flying skull
   229 | D        | Noticed a flying skull
   229 | D        | Noticed a flying skull
   231 | D        | Noticed a flying skull
   237 | D        | Reached XP level 2. HP: 7/26 MP: 3/3
   463 | D        | Noticed a wyvern
   463 | D        | Noticed a wyvern
   468 | D        | Killed a wyvern
   469 | D        | Reached XP level 3. HP: 36/39 MP: 4/4
   469 | D        | Reached XP level 4. HP: 44/47 MP: 5/5
   469 | D        | Reached XP level 5. HP: 49/52 MP: 6/6
   474 | D        | Killed a wyvern
   475 | D        | Reached XP level 6. HP: 32/63 MP: 7/7
   690 | D        | Noticed a water moccasin
   697 | D        | Killed a water moccasin
   698 | D        | Reached skill level 10 in Fighting
   698 | D        | Reached skill level 10 in Long Blades
   844 | D        | Identified Roxanne's Compendium of Clay
   844 | D        | Noticed Roxanne
   847 | D        | Found Tueneib's Antique Armour Shop.
   848 | D        | Found Bixu's Antique Weapon Boutique.
   849 | D        | Found Gikeak's Jewellery Boutique.
   849 | D        | Found Ehimast's Antique Armour Shop.
   850 | D        | Found Utuu's Magic Scroll Shop.
   850 | D        | Found Zywilofi's Antique Armour Boutique.
   851 | D        | Found Hutan's Antique Weapon Boutique.
   851 | D        | Found Lian's Book Shop.
   851 | D        | Found Lumos's Distillery.
   852 | D        | Found Dim Roa's Jewellery Shop.
   852 | D        | Found Dauck's Jewellery Boutique.
   852 | D        | Found Nahom's Antique Armour Shop.
   852 | D        | Noticed a wyvern
   853 | D        | Found Heasagga's Distillery.
   853 | D        | Found Anuc's Distillery.
   855 | D        | Noticed a wyvern
   855 | D        | Noticed an oklob plant
   856 | D        | Found Teczipn's Book Shoppe.
   856 | D        | Noticed a redback
   859 | D        | Noticed a redback
   862 | D        | Noticed an ice dragon
   883 | D        | Bought a shimmering cloak for 256 gold pieces
   883 | D        | Identified the +0 cloak "Yciar" {+Inv Will+ Str+2 Stlth+}
                  | (You bought it in a shop in the Dungeon)
   896 | D        | Bought a pair of gloves for 135 gold pieces
   940 | D        | Found an iron altar of Okawaru.
   940 | D        | Found a radiant altar of Vehumet.
   940 | D        | Found a glowing silver altar of Zin.
   941 | D        | Found a sparkling altar of Nemelex Xobeh.
   941 | D        | Found a hide-covered altar of Uskayaw.
   941 | D        | Found a basalt altar of Yredelemnul.
   942 | D        | Found an opulent altar of Gozag.
   942 | D        | Found a burning altar of Makhleb.
   942 | D        | Found a bloodstained altar of Trog.
   943 | D        | Found a blossoming altar of Fedhas.
   943 | D        | Found a corrupted altar of Lugonu.
   943 | D        | Found a shimmering blue altar of Sif Muna.
   944 | D        | Found a white marble altar of Elyvilon.
   944 | D        | Found an ancient bone altar of Kikubaaqudgha.
   945 | D        | Found a shadowy altar of Dithmenos.
   945 | D        | Found a viscous altar of Jiyva.
   946 | D        | Found a snail-covered altar of Cheibriados.
   949 | D        | Noticed a yaktaur
   949 | D        | Noticed a hornet
   949 | D        | Noticed a polar bear
   949 | D        | Noticed a polar bear
   965 | D        | Killed a polar bear
   966 | D        | Gained mutation: You curl defensively after being hit.
                  | [Palentonga growth]
   966 | D        | Reached XP level 7. HP: 19/72 MP: 8/8
   966 | D        | Found a shimmering altar of Xom.
   966 | D        | Found a sacrificial altar of Ru.
   966 | D        | Found a hazy altar of Hepliaklqana.
   966 | D        | Found a glowing golden altar of the Shining One.
   966 | D        | Found an ornate altar of the Wu Jian Council.
   966 | D        | Found a stormy altar of Qazlal.
   974 | D        | Killed a polar bear
   977 | D        | Killed a hornet
   978 | D        | Reached XP level 8. HP: 24/83 MP: 9/9
   980 | D        | Killed a yaktaur
  1138 | D        | Noticed a polar bear
  1154 | D        | Killed a polar bear
  1420 | D        | Noticed Kirke
  1420 | D        | Noticed a yaktaur captain
  1420 | D        | Noticed a kobold demonologist
  1420 | D        | Noticed a skeletal warrior
  1441 | D        | Noticed a merfolk siren
  1454 | D        | Killed a merfolk siren
  1469 | D        | Noticed a lindwurm
  1472 | D        | Killed a kobold demonologist
  1472 | D        | HP: 1/85 [lindwurm[Kirke] (6)]
  1474 | D        | Noticed a lindwurm
  1474 | D        | Mangled by a lindwurm

Illustrated notes

Levels and vault maps discovered:
D:        the_violet_keep_of_menkaure [sprint2_stairs_cluster_1,
          sprint2_shoproom, sprint2_temple, sprint2_basic_supplies,
          sprint2_obstacle_6, sprint2_obstacle_7, sprint2_obstacle_1,
          sprint2_obstacle_4, sprint2_obstacle_5, sprint2_timed_cluster_1,
          sprint2_smallroom_cluster_1, sprint2_smallroom_final_cluster_1,
          sprint2_transparent_cluster_1, sprint2_second_timed_cluster_1,
          sprint2_sniper_area_1, sprint2_heavy_combat_area_1,
          sprint2_mutation_trap_area_1, sprint2_forest_area_1,
          sprint2_light_combat_area_1, sprint2_behind_water_1,
          sprint2_near_end_vault_1]

Skill      XL: |  1  2  3  4  5  6  7  8 |
---------------+-------------------------+-----
Fighting       | 4 8 9 11 12 13 | 13.9
Long Blades    | 4 8 9 11 12 13 | 13.9
Spellcasting   | |  1.0
Fire Magic     | |  0.7

Action                   |  1- 3 |  4- 6 |  7- 9 || total
-------------------------+-------+-------+-------++-------
Melee: Falchion          |    20 |    30 |    31 ||    81
       Tailslap          |     4 |     1 |     6 ||    11
       Unarmed           |       |       |     1 ||     1
Invok: Foxfire Swarm     |       |     1 |     9 ||    10
       Sea of Fire       |       |     1 |       ||     1
  Use: Potion            |     1 |     1 |     1 ||     3
       Scroll            |       |       |     1 ||     1
Armor: Robe              |       |    10 |     6 ||    16
Dodge: Dodged            |    10 |    22 |    12 ||    44

Table legend: (Time is in decaauts)
 A = Elapsed time spent in this place.
 B = Non-inter-level travel time spent in this place.
 C = Inter-level travel time spent in this place.
 D = Time resting spent in this place.
 E = Time spent auto-exploring this place.
 F = Levels seen in this place.
 G = Mean time per level.
                   A        B        C        D        E       F      G
               +--------+--------+--------+--------+--------+-----+--------+
         Total |   1471 |   1457 |     14 |   1116 |      0 |   1 | 1471.0 |
       Dungeon |   1471 |   1457 |     14 |   1116 |      0 |   1 | 1471.0 |
               +--------+--------+--------+--------+--------+-----+--------+

Top non-repeatable levels by time:
       D: 1471 daAuts
